FSL
WEST PALM BEACH EXPOS @ DAYTONA BEACH ISLANDERS
06/12/1982
 
TOP OF THE 1ST
West Palm Beach Expos batting - Pitching for Daytona Beach Islanders : RHP Steven Christison
Pitching: RHP Steven Christison
Batting: RHB Roland Oruna 0-0: Foul Ball, location: 2F
0-1: Ball
1-1: Ball
2-1: Ball
3-1: SINGLE (Groundball, 4MD, EV 94.4 MPH)
Batting: RHB Steve Kiefer 0-0: Ball
1-0: Foul Ball, location: 2F
1-1: Called Strike
1-2: Foul Ball, location: 2F
1-2: Fly out, F8 (Flyball, 8LD, EV 99.4 MPH)
Batting: SHB Terry Pendleton 0-0: Ball
1-0: Called Strike
1-1: Foul Ball, location: 2F
1-2: Hit by Pitch
Roland Oruna to second
Batting: SHB Mark Pirruccello 0-0: Called Strike
0-1: Ball
1-1: Ball
2-1: Foul Ball, location: 2F
2-2: Ball
3-2: SINGLE (Flyball, 7LM, EV 98.8 MPH)
Roland Oruna to third
Terry Pendleton to second
Runner from 3rd tries for Home, SAFE, throw by LF to home
Batting: RHB Don Berti 0-0: Called Strike
Terry Pendleton is caught stealing 3rd base 2-5
0-1: Fielders Choice at 2nd, 5-4 (Groundball, 5L, EV 88.1 MPH)
Top of the 1st over - 1 run, 2 hits, 0 errors, 1 left on base; West Palm Beach 1 - Daytona Beach 0
BOTTOM OF THE 1ST
Daytona Beach Islanders batting - Pitching for West Palm Beach Expos : RHP Gabe Rubio
Pitching: RHP Gabe Rubio
Batting: SHB Michael Frierson 0-0: Called Strike
0-1: DOUBLE (Line Drive, 5D, EV 93.8 MPH)
Batting: RHB Kalvin Adams 0-0: Called Strike
0-1: Swinging Strike
0-2: Strikes out swinging
Batting: LHB Benny Distefano 0-0: Ball
1-0: Ground out 4-3 (Groundball, 4, EV 103.1 MPH)
Michael Frierson to third
Batting: RHB Randy Kutcher 0-0: Ball
1-0: Fly out, F9 (Line Drive, 9D, EV 98.8 MPH)
Bottom of the 1st over - 0 runs, 1 hit, 0 errors, 1 left on base; West Palm Beach 1 - Daytona Beach 0
TOP OF THE 2ND
West Palm Beach Expos batting - Pitching for Daytona Beach Islanders : RHP Steven Christison
Batting: LHB Jesus Alfes 0-0: Foul Ball, location: 2F
0-1: Ball
1-1: Foul Ball, location: 2F
1-2: Ground out 6-3 (Groundball, 6, EV 88.1 MPH)
Batting: LHB Keith Hughes 0-0: Called Strike
0-1: Fly out, F7 (Flyball, 7, EV 70.6 MPH)
Batting: RHB Matthew Gundelfinger 0-0: Ball
1-0: Ball
2-0: DOUBLE (Flyball, 89XD, EV 115.0 MPH)
Batting: RHB Humberto Cardenas 0-0: Ball
1-0: Ball
2-0: SINGLE (Groundball, 5S, EV 67.5 MPH) (infield hit)
Matthew Gundelfinger to third
Batting: RHB Roland Oruna 0-0: Called Strike
0-1: Ball
1-1: Ball
Humberto Cardenas is caught stealing 2nd base 2-4
Top of the 2nd over - 0 runs, 2 hits, 0 errors, 1 left on base; West Palm Beach 1 - Daytona Beach 0
BOTTOM OF THE 2ND
Daytona Beach Islanders batting - Pitching for West Palm Beach Expos : RHP Gabe Rubio
Batting: RHB Columbus Duncan 0-0: Ball
1-0: Ball
2-0: Foul Ball, location: 2F
2-1: Foul Ball, location: 2F
2-2: Ground out 4-3 (Groundball, 4, EV 81.9 MPH)
Batting: LHB Danny Hernandez 0-0: Called Strike
0-1: Swinging Strike
0-2: Ball
1-2: Strikes out swinging
Batting: RHB Jeff Rutledge 0-0: Foul Ball, location: 2F
0-1: Ball
1-1: TRIPLE (Line Drive, 7D, EV 100.6 MPH)
Batting: RHB Jeffrey Coker 0-0: Foul Ball, location: 2F
0-1: Ball
1-1: SINGLE (Line Drive, 4M, EV 96.3 MPH)
Jeff Rutledge scores
Batting: RHB Robert Whitfield 0-0: Ball
1-0: Foul Ball, location: 2F
1-1: Ball
2-1: Ball
3-1: Called Strike
3-2: Ground out 5-3 (Groundball, 5, EV 86.9 MPH)
Bottom of the 2nd over - 1 run, 2 hits, 0 errors, 1 left on base; West Palm Beach 1 - Daytona Beach 1
TOP OF THE 3RD
West Palm Beach Expos batting - Pitching for Daytona Beach Islanders : RHP Steven Christison
Batting: RHB Roland Oruna 0-0: Swinging Strike
0-1: Ball
1-1: Ball
2-1: Foul Ball, location: 2F
2-2: Strikes out looking
Batting: RHB Steve Kiefer 0-0: Ball
1-0: Foul Ball, location: 2F
1-1: Called Strike
1-2: Ball
2-2: Strikes out swinging
Batting: SHB Terry Pendleton 0-0: Called Strike
0-1: Foul Ball, location: 2F
0-2: Strikes out swinging
Top of the 3rd over - 0 runs, 0 hits, 0 errors, 0 left on base; West Palm Beach 1 - Daytona Beach 1
BOTTOM OF THE 3RD
Daytona Beach Islanders batting - Pitching for West Palm Beach Expos : RHP Gabe Rubio
Batting: SHB Michael Frierson 0-0: Ground out 4-3 (Groundball, 4, EV 101.9 MPH)
Batting: RHB Kalvin Adams 0-0: Ball
1-0: SINGLE (Groundball, 56, EV 103.1 MPH) (infield hit)
Batting: LHB Benny Distefano 0-0: Ball
1-0: Foul Ball, location: 2F
1-1: Ball
2-1: Swinging Strike
2-2: Grounds into double play, 4-6-3 (Groundball, 4M, EV 88.8 MPH)
Bottom of the 3rd over - 0 runs, 1 hit, 0 errors, 0 left on base; West Palm Beach 1 - Daytona Beach 1
TOP OF THE 4TH
West Palm Beach Expos batting - Pitching for Daytona Beach Islanders : RHP Steven Christison
Batting: SHB Mark Pirruccello 0-0: Ball
1-0: Swinging Strike
1-1: Ground out 6-3 (Groundball, 6M, EV 82.5 MPH)
Batting: RHB Don Berti 0-0: Ball
1-0: Ball
2-0: Ball
3-0: Called Strike
3-1: Base on Balls
Batting: LHB Jesus Alfes 0-0: Called Strike
0-1: Ball
1-1: Ball
2-1: Ball
3-1: Base on Balls
Don Berti to second
Batting: LHB Keith Hughes 0-0: Grounds into double play, 4-6-3 (Groundball, 4M, EV 87.5 MPH)
Top of the 4th over - 0 runs, 0 hits, 0 errors, 1 left on base; West Palm Beach 1 - Daytona Beach 1
BOTTOM OF THE 4TH
Daytona Beach Islanders batting - Pitching for West Palm Beach Expos : RHP Gabe Rubio
Batting: RHB Randy Kutcher 0-0: Ball
1-0: Fly out, F8 (Flyball, 89M, EV 77.5 MPH)
Batting: RHB Columbus Duncan 0-0: Called Strike
0-1: Ball
1-1: Foul Ball, location: 2F
1-2: Ball
2-2: Foul Ball, location: 2F
2-2: SOLO HOME RUN (Line Drive, 78XD, EV 102.5 MPH), Distance : 422 ft
Batting: LHB Danny Hernandez 0-0: SINGLE (Line Drive, 7S, EV 95.6 MPH)
Batting: RHB Jeff Rutledge 0-0: Foul Ball, location: 2F
0-1: Fielders Choice at 2nd, 6-4 (Groundball, 6D, EV 87.5 MPH)
Batting: RHB Jeffrey Coker 0-0: Ball
1-0: Ball
2-0: Ball
3-0: Called Strike
3-1: Base on Balls
Jeff Rutledge to second
Batting: RHB Robert Whitfield 0-0: Called Strike
0-1: Ball
1-1: Ball
2-1: Ball
3-1: Base on Balls
Jeff Rutledge to third
Jeffrey Coker to second
Batting: SHB Michael Frierson 0-0: Fly out, F5 (Flyball, 5D, EV 79.4 MPH)
Bottom of the 4th over - 1 run, 2 hits, 0 errors, 3 left on base; West Palm Beach 1 - Daytona Beach 2
TOP OF THE 5TH
West Palm Beach Expos batting - Pitching for Daytona Beach Islanders : RHP Steven Christison
Batting: RHB Matthew Gundelfinger 0-0: Called Strike
0-1: Ground out 6-3 (Groundball, 4MD, EV 98.8 MPH)
Batting: RHB Humberto Cardenas 0-0: Called Strike
0-1: Foul Ball, location: 2F
0-2: Strikes out looking
Batting: RHB Roland Oruna 0-0: Foul Ball, location: 2F
0-1: Swinging Strike
0-2: Fly out, F8 (Flyball, 78S, EV 96.3 MPH)
Top of the 5th over - 0 runs, 0 hits, 0 errors, 0 left on base; West Palm Beach 1 - Daytona Beach 2
BOTTOM OF THE 5TH
Daytona Beach Islanders batting - Pitching for West Palm Beach Expos : RHP Gabe Rubio
Batting: RHB Kalvin Adams 0-0: Ball
1-0: Ball
2-0: Called Strike
2-1: Fly out, F7 (Line Drive, 7, EV 87.5 MPH)
Batting: LHB Benny Distefano 0-0: Foul Ball, location: 2F
0-1: Foul Ball, location: 2F
0-2: Ground out 6-3 (Groundball, 6, EV 96.9 MPH)
Batting: RHB Randy Kutcher 0-0: Ball
1-0: SINGLE (Line Drive, 89M, EV 111.9 MPH)
Batting: RHB Columbus Duncan 0-0: Ball
1-0: Called Strike
1-1: Called Strike
1-2: Foul Ball, location: 2F
1-2: Foul Ball, location: 2F
1-2: SINGLE (Groundball, 56D, EV 103.1 MPH)
Randy Kutcher to second
Randy Kutcher to third
Batting: LHB Danny Hernandez 0-0: Ball
1-0: Ball
2-0: Called Strike
2-1: Swinging Strike
2-2: Foul Ball, location: 2F
2-2: Strikes out looking
Bottom of the 5th over - 0 runs, 2 hits, 0 errors, 2 left on base; West Palm Beach 1 - Daytona Beach 2
TOP OF THE 6TH
West Palm Beach Expos batting - Pitching for Daytona Beach Islanders : RHP Steven Christison
Batting: RHB Steve Kiefer 0-0: Called Strike
0-1: Ball
1-1: Swinging Strike
1-2: Strikes out swinging
Batting: SHB Terry Pendleton 0-0: Ball
1-0: Ball
2-0: Ground out 4-3 (Groundball, 4, EV 109.4 MPH)
Batting: SHB Mark Pirruccello 0-0: Called Strike
0-1: Swinging Strike
0-2: Ball
1-2: Strikes out swinging
Top of the 6th over - 0 runs, 0 hits, 0 errors, 0 left on base; West Palm Beach 1 - Daytona Beach 2
BOTTOM OF THE 6TH
Daytona Beach Islanders batting - Pitching for West Palm Beach Expos : RHP Gabe Rubio
Batting: RHB Jeff Rutledge 0-0: Ball
1-0: Called Strike
1-1: Swinging Strike
1-2: Foul Ball, location: 2F
1-2: Foul Ball, location: 2F
1-2: Fly out, F3 (Popup, 23F, EV 88.1 MPH)
Batting: RHB Jeffrey Coker 0-0: Ball
1-0: Called Strike
1-1: Ball
2-1: Foul Ball, location: 2F
2-2: Strikes out swinging
Batting: RHB Robert Whitfield 0-0: Ball
1-0: SINGLE (Groundball, 34D, EV 100.6 MPH)
Batting: SHB Michael Frierson 0-0: Swinging Strike
0-1: Ball
1-1: Ball
2-1: Swinging Strike
2-2: Strikes out looking
Bottom of the 6th over - 0 runs, 1 hit, 0 errors, 1 left on base; West Palm Beach 1 - Daytona Beach 2
TOP OF THE 7TH
West Palm Beach Expos batting - Pitching for Daytona Beach Islanders : RHP Steven Christison
Batting: RHB Don Berti 0-0: Ball
1-0: Foul Ball, location: 2F
1-1: Fly out, F9 (Flyball, 9, EV 83.1 MPH)
Batting: LHB Jesus Alfes 0-0: Called Strike
0-1: Hit by Pitch
Batting: LHB Keith Hughes 0-0: Ball
1-0: Ball
Wild Pitch!
Jesus Alfes to second
2-0: Called Strike
2-1: 2-RUN HOME RUN (Flyball, 9D, EV 91.3 MPH), Distance : 373 ft
Batting: RHB Matthew Gundelfinger 0-0: Foul Ball, location: 2F
0-1: Called Strike
0-2: Ball
1-2: Ground out 5-3 (Groundball, 56, EV 85.0 MPH)
Batting: RHB Humberto Cardenas 0-0: Ball
1-0: Ball
2-0: Foul Ball, location: 2F
2-1: Swinging Strike
2-2: Foul Ball, location: 2F
2-2: Ball
3-2: Base on Balls
Batting: RHB Roland Oruna 0-0: Ball
1-0: Ball
2-0: Called Strike
2-1: Ball
3-1: Foul Ball, location: 2F
3-2: Ground out 4-3 (Groundball, 34, EV 84.4 MPH)
Top of the 7th over - 2 runs, 1 hit, 0 errors, 1 left on base; West Palm Beach 3 - Daytona Beach 2
BOTTOM OF THE 7TH
Daytona Beach Islanders batting - Pitching for West Palm Beach Expos : RHP Gabe Rubio
Batting: RHB Kalvin Adams 0-0: Foul Ball, location: 2F
0-1: Ball
1-1: Ground out 1-3 (Groundball, P, EV 65.6 MPH)
Batting: LHB Benny Distefano 0-0: Ball
1-0: Swinging Strike
1-1: Foul Ball, location: 2F
1-2: Ball
2-2: Ground out 4-3 (Groundball, 34D, EV 98.8 MPH)
Batting: RHB Randy Kutcher 0-0: Ball
1-0: Ball
2-0: Ball
3-0: Called Strike
3-1: Called Strike
3-2: SINGLE (Groundball, 4MD, EV 104.4 MPH)
Batting: RHB Columbus Duncan 0-0: Foul Ball, location: 2F
0-1: Called Strike
0-2: Ball
1-2: Ball
2-2: Ball
3-2: DOUBLE (Line Drive, 7LM, EV 110.0 MPH)
Randy Kutcher to third
Randy Kutcher scores
Batting: LHB Danny Hernandez 0-0: Ball
1-0: Fly out, F8 (Flyball, 78M, EV 82.5 MPH)
Bottom of the 7th over - 1 run, 2 hits, 0 errors, 1 left on base; West Palm Beach 3 - Daytona Beach 3
TOP OF THE 8TH
West Palm Beach Expos batting - Pitching for Daytona Beach Islanders : RHP Steven Christison
Batting: RHB Steve Kiefer 0-0: Called Strike
0-1: Foul Ball, location: 2F
0-2: Foul Ball, location: 2F
0-2: Foul Ball, location: 2F
0-2: Ground out 6-3 (Groundball, 56, EV 104.4 MPH)
Batting: SHB Terry Pendleton 0-0: Called Strike
0-1: Foul Ball, location: 2F
0-2: Ball
1-2: Strikes out looking
Batting: SHB Mark Pirruccello 0-0: Ball
1-0: Ball
2-0: Ball
3-0: Called Strike
3-1: Called Strike
3-2: Fly out, F9 (Flyball, 89D, EV 103.1 MPH)
Top of the 8th over - 0 runs, 0 hits, 0 errors, 0 left on base; West Palm Beach 3 - Daytona Beach 3
BOTTOM OF THE 8TH
Daytona Beach Islanders batting - Pitching for West Palm Beach Expos : RHP Gabe Rubio
Batting: RHB Jeff Rutledge 0-0: Called Strike
0-1: Ball
1-1: Ball
2-1: Ground out 6-3 (Groundball, 6S, EV 79.4 MPH)
Batting: RHB Jeffrey Coker 0-0: Foul Ball, location: 2F
0-1: Called Strike
0-2: Fly out, F8 (Flyball, 8RS, EV 95.0 MPH)
Batting: RHB Robert Whitfield 0-0: Ball
1-0: Called Strike
1-1: Ball
2-1: Foul Ball, location: 2F
2-2: Ball
3-2: Foul Ball, location: 2F
3-2: Base on Balls
Batting: SHB Michael Frierson 0-0: Ball
1-0: Ball
2-0: Swinging Strike
2-1: Ball
3-1: Foul Ball, location: 2F
3-2: Base on Balls
Robert Whitfield to second
Batting: RHB Kalvin Adams 0-0: Ground out 4-3 (Groundball, 4, EV 101.9 MPH)
Bottom of the 8th over - 0 runs, 0 hits, 0 errors, 2 left on base; West Palm Beach 3 - Daytona Beach 3
TOP OF THE 9TH
West Palm Beach Expos batting - Pitching for Daytona Beach Islanders : RHP Steven Christison
Pitching: RHP Nelson Munoz
Batting: RHB Don Berti 0-0: Ball
1-0: Called Strike
1-1: Called Strike
1-2: SINGLE (Groundball, 3D, EV 95.0 MPH)
Batting: LHB Jesus Alfes 0-0: Bunt missed!
0-1: Ball
1-1: Sac Bunt to 5S - play at first, batter OUT! 5-4
Don Berti to second
Batting: LHB Keith Hughes 0-0: Intentional Walk
Batting: RHB Matthew Gundelfinger 0-0: Ball
Don Berti steals 3rd base
Keith Hughes to second
1-0: DOUBLE (Flyball, 89D, EV 100.6 MPH)
Don Berti scores
Keith Hughes scores
Batting: RHB Humberto Cardenas 0-0: SINGLE (Groundball, 34S, EV 91.3 MPH) (infield hit)
Matthew Gundelfinger to third
Batting: RHB Roland Oruna 0-0: Ball
1-0: Foul Ball, location: 2F
1-1: Ball
2-1: Foul Ball, location: 2F
2-2: Grounds into double play, 3-6-1 (Groundball, 3S, EV 86.3 MPH)
Top of the 9th over - 2 runs, 3 hits, 0 errors, 1 left on base; West Palm Beach 5 - Daytona Beach 3
BOTTOM OF THE 9TH
Daytona Beach Islanders batting - Pitching for West Palm Beach Expos : RHP Gabe Rubio
Pitching: RHP Michael Vint
Batting: LHB Benny Distefano 0-0: Called Strike
0-1: Foul Ball, location: 2F
0-2: Foul Ball, location: 2F
0-2: Ball
1-2: Ground out 6-3 (Groundball, 4M, EV 83.1 MPH)
Batting: RHB Randy Kutcher 0-0: Foul Ball, location: 2F
0-1: Ball
1-1: DOUBLE (Line Drive, 89D, EV 111.3 MPH)
Batting: RHB Columbus Duncan 0-0: Foul Ball, location: 2F
0-1: DOUBLE (Flyball, 89XD, EV 108.8 MPH)
Randy Kutcher scores
Batting: LHB Danny Hernandez 0-0: Called Strike
0-1: Ball
1-1: Ball
2-1: Ground out 4-3 (Groundball, 34, EV 101.3 MPH)
Columbus Duncan to third
Batting: RHB Jeff Rutledge 0-0: Ball
1-0: Ball
2-0: Called Strike
2-1: Ball
3-1: Foul Ball, location: 2F
3-2: Foul Ball, location: 2F
3-2: Base on Balls
Batting: RHB Jeffrey Coker 0-0: Fielders Choice at 2nd, 6-4 (Groundball, 6, EV 102.5 MPH)
Bottom of the 9th over - 1 run, 2 hits, 0 errors, 2 left on base; West Palm Beach 5 - Daytona Beach 4
Thursday, August 6th, 2020 - OOTP Baseball 21.5 Build 76